 Dungeon Crawl Stone Soup version 0.30-a0-726-gd89dcf765f (webtiles) character file.

Game seed: 4089967412684053745

679 browni3141 the Digger (level 7, 0/50 HPs)
             Began as a Human Earth Elementalist on Jan 29, 2023.
             Killed by divine providence
             ... invoked by an orc priest
              (12 damage)
             ... on level 5 of the Dungeon.
             The game lasted 00:09:54 (3961 turns).

browni3141 the Digger (Human Earth Elementalist)    Turns: 3961, Time: 00:09:54

Health: 0/50       AC:  5    Str:  9    XL:     7   Next: 92%
Magic:  13/13      EV: 11    Int: 17    God:
Gold:   221        SH:  0    Dex: 13    Spells: 4/14 levels left

rFire   . . .      SeeInvis .    y - +1 whip (venom)
rCold   . . .      Faith    .    (no shield)
rNeg    . . .      Spirit   .    u - +1 leather armour {rPois}
rPois   +          Reflect  .    (no helmet)
rElec   .          Harm     .    (no cloak)
rCorr   .          Rampage  .    r - +0 pair of gloves
Will    .....                    (no boots)
Stlth   +                        n - amulet of magic regeneration
HPRegen 0.28/turn                E - +4 ring of slaying
MPRegen 0.53/turn                (no ring)

@: confused, flying
A: no striking features
a: no special abilities


You were on level 5 of the Dungeon.
You visited 1 branch of the dungeon, and saw 6 of its levels.

You collected 221 gold pieces.

Inventory:

Hand Weapons
 f - a +0 club
 g - a +0 whip
 k - a +2 dagger of speed
 y - a +1 whip of venom (weapon)
Missiles
 m - 3 datura-tipped darts
Armour
 a - a +0 robe
 r - a +0 pair of gloves (worn)
 u - a +1 leather armour of poison resistance (worn)
 C - a +0 buckler
Jewellery
 n - an amulet of magic regeneration (around neck)
 E - a +4 ring of slaying (left hand)
Scrolls
 c - 3 scrolls of identify {unknown}
 e - 3 scrolls of magic mapping {unknown}
 i - 3 scrolls of blinking {unknown}
 j - 2 scrolls of fear {unknown}
 o - a scroll of noise {unknown}
 p - 2 scrolls of vulnerability {unknown}
 q - a scroll of enchant armour {unknown}
 s - a scroll of teleportation {unknown}
 B - a scroll of amnesia {unknown}
 D - a scroll of fog {unknown}
Potions
 b - a potion of magic
 d - a potion of flight
 h - a potion of might {unknown}
 l - 2 potions of curing {unknown}
 t - a potion of brilliance {unknown}
 v - a potion of cancellation {unknown}
 w - a potion of attraction {unknown}
 x - 2 potions of resistance {unknown}
 z - a potion of mutation {unknown}
 A - a potion of heal wounds {unknown}


   Skills:
 - Level 2.0 Fighting
 - Level 1.0 Short Blades
 - Level 1.0 Maces & Flails
 - Level 2.0 Dodging
 - Level 2.0 Stealth
 - Level 4.0 Spellcasting
 - Level 2.0 Conjurations
 * Level 2.4 Transmutations
 * Level 6.2 Earth Magic


You had 4 spell levels left.
You knew the following spells:

 Your Spells              Type           Power      Damage    Failure   Level
a - Sandblast             Erth           48%        2d12      1%          1
b - Passwall              Tmut/Erth      15%        N/A       6%          2
c - Stone Arrow           Conj/Erth      34%        3d9       12%         3
d - Petrify               Tmut/Erth      18%        N/A       36%         4

Your spell library contained the following spells:

 Spells                   Type           Power      Damage    Failure   Level
 Inner Flame              Hex/Fire       3%         N/A       54%         3
 Flame Wave               Conj/Fire      6%         2d5       82%         4
 Sticky Flame             Conj/Fire      6%         2d3       82%         4
 Blade Hands              Tmut           5%         N/A       93%         5
 Irradiate                Conj/Tmut      5%         3d13      94%         5
 Dragon Form              Tmut           5%         N/A       100%        7


Dungeon Overview and Level Annotations

Branches:
Dungeon (6/15)
 Temple: D:4-7

Altars:

Shops:
D:1 *

Annotations:
D:4 Dowan, Pikel


Message History

You hit the orc priest.
The orc priest is poisoned.
The orc priest is heavily wounded.
The orc priest invokes the aid of Beogh against you.
Beogh smites you!
An orc warrior comes into view. It is wielding a +0 dire flail.
The orc hits you with a +0 short sword. The orc hits you with a +0 hand axe.
You hit the orc priest.
The orc priest looks as sick as possible!
The orc priest is almost dead.
You kill the orc priest!
The orc hits you but does no damage.
An orc priest comes into view. It is wielding a +0 hand axe.
The orc barely misses you.
You whack the orc!
The orc is poisoned.
The orc is almost dead.
The orc hits you but does no damage.
The orc priest invokes the aid of Beogh against you.
Beogh smites you! The orc barely misses you.
The orc hits you but does no damage.
An orc comes into view. It is wielding a +0 club.
The orc shouts!
You kill the orc!
A magic dart appears from out of thin air!
The magic dart hits you.
A magic dart appears from out of thin air!
The magic dart hits you.
You are confused.
You bump into the rock wall.
Okay, then.
Sorry, you're not good enough to have a special ability.
Unknown command.
It was a potion of flight.
You feel very buoyant.
You fly up into the air.
A magic dart appears from out of thin air!
The magic dart hits you!
* * * LOW HITPOINT WARNING * * *
The orc priest mumbles some strange prayers to Beogh against you.
Beogh smites you!
You die...

.#.#)#.........................'.
............................####.
.....................#....).# #.
.............#..............####.
.............#####..........#....
.............# #..........#....
.............#########......#....
...........o..o.######......#....
.....?....oo.oo.@...........#....
........##...{.......... #....
.....o..########........ #####
##+#..)........#........
#...).......#........
#...........#........
#o#..................
#.#..........#####...
#.#......... ##


You could see an orc warrior, an orc priest, an orc wizard and 3 orcs.

Vanquished Creatures
  Duvessa (D:4)
  2 phantoms
  2 lemures
  2 scorpions
  3 orc priests
  2 jellies (D:4)
  8 adders
  An ufetubus (D:5)
  A worm (D:3)
  A dart slug (D:3)
  15 orcs
  5 endoplasms
  2 giant cockroaches
  11 goblins
  5 jackals
  2 ball pythons (D:1)
  4 bats
  3 frilled lizards
  5 kobolds
  5 rats
80 creatures vanquished.

Notes
Turn   | Place    | Note
-------+----------+-------------------------------------------
     0 | D:1      | browni3141 the Human Earth Elementalist began the quest for
                  | the Orb.
     0 | D:1      | Reached XP level 1. HP: 13/13 MP: 3/3
   413 | D:1      | Reached skill level 1 in Fighting
   413 | D:1      | Reached XP level 2. HP: 21/21 MP: 3/5
   416 | D:1      | Learned a level 2 spell: Passwall
   474 | D:1      | Found Oryifaf's General Store.
   943 | D:2      | Reached XP level 3. HP: 23/27 MP: 1/6
  1189 | D:2      | Reached XP level 4. HP: 28/33 MP: 2/7
  1868 | D:3      | Learned a level 3 spell: Stone Arrow
  1882 | D:3      | Found a faded altar of an unknown god.
  1992 | D:3      | Reached XP level 5. HP: 38/38 MP: 9/9
  2329 | D:3      | Reached skill level 1 in Short Blades
  2329 | D:3      | Reached skill level 1 in Conjurations
  2329 | D:3      | Reached skill level 4 in Earth Magic
  2397 | D:4      | Noticed Dowan
  2434 | D:4      | Noticed a phantom
  2507 | D:4      | Killed a phantom
  2508 | D:4      | Reached XP level 6. HP: 19/44 MP: 5/11
  2757 | D:4      | Reached skill level 1 in Maces & Flails
  2973 | D:4      | Noticed Pikel
  3459 | D:4      | Reached XP level 7. HP: 50/50 MP: 11/13
  3471 | D:4      | Noticed Duvessa
  3517 | D:4      | Killed Duvessa
  3518 | D:4      | Reached skill level 5 in Earth Magic
  3571 | D:5      | Entered Level 5 of the Dungeon
  3591 | D:5      | Reached skill level 6 in Earth Magic
  3596 | D:5      | Learned a level 4 spell: Petrify
  3961 | D:5      | Killed from afar by an orc priest

Illustrated notes

Levels and vault maps discovered:
D:1:      evilmike_arrival_crescent, layout_loops_ring, serial_shops,
          nicolae_shop_statue_plus
D:2:      layout_loops_ring
D:3:      layout_loops_cross, hellmonk_ecumenical_altar_run_dry
D:4:      layout_loops_ring, grunt_ministairs_10, uniq_duvessa, uniq_pikel,
          uniq_crazy_yiuf_cottage
D:5:      layout_basic, serial_shops, shop_statue, nicolae_shop_vocational
D:6:      layout_loops_ring, mainiacjoe_overflow_large_starburst,
          dk_noncrumbling_2, dreamdust_princess_bridge

Skill      XL: |  1  2  3  4  5  6  7 |
---------------+----------------------+-----
Fighting       | 1 2 |  2.0
Spellcasting   | 3 4 |  4.0
Short Blades   | 1 |  1.0
Conjurations   | 2 |  2.0
Earth Magic    | 4 6 |  6.2
Transmutations | 2 |  2.4
Maces & Flails | 1 |  1.0
Dodging        | |  2.0
Stealth        | |  2.0

Action                     |  1- 3 |  4- 6 |  7- 9 || total
---------------------------+-------+-------+-------++-------
  Melee: Unarmed           |     1 |       |       ||     1
         Whip              |    11 |    40 |    27 ||    78
         Dagger            |     8 |    29 |       ||    37
         Punch             |       |     1 |     1 ||     2
   Cast: Sandblast         |    33 |    67 |     8 ||   108
         Passwall          |       |     2 |     1 ||     3
    Use: Potion            |       |       |     1 ||     1
   Stab: Sleeping          |       |     1 |     1 ||     2
 Armour: Robe              |     5 |     2 |       ||     7
         Leather armour    |       |    21 |    15 ||    36
  Dodge: Dodged            |    24 |    53 |    24 ||   101

Table legend: (Time is in decaauts)
 A = Elapsed time spent in this place.
 B = Non-inter-level travel time spent in this place.
 C = Inter-level travel time spent in this place.
 D = Time resting spent in this place.
 E = Time spent auto-exploring this place.
 F = Levels seen in this place.
 G = Mean time per level.
                   A        B        C        D        E       F      G
               +--------+--------+--------+--------+--------+-----+--------+
         Total |   4005 |   3854 |    151 |    414 |   2629 |   6 |  667.5 |
       Dungeon |   4005 |   3854 |    151 |    414 |   2629 |   6 |  667.5 |
               +--------+--------+--------+--------+--------+-----+--------+

Top non-repeatable levels by time:
     D:3: 1073 daAuts
     D:1: 948 daAuts
     D:4: 886 daAuts
     D:2: 703 daAuts
     D:5: 296 daAuts
     D:6: 97 daAuts
